 Dungeon Crawl Stone Soup version 0.18-a0-1312-gf98331d (webtiles) character file.

94 KarvaRausku the Changer (level 4, 0/36 HPs)
             Began as a Draconian Transmuter on Feb 14, 2016.
             Succumbed to Crazy Yiuf's poison
             ... on level 2 of the Dungeon.
             The game lasted 00:11:47 (1514 turns).

KarvaRausku the Changer (Draconian Transmuter)      Turns: 1514, Time: 00:11:47

Health: 0/36       AC:  9    Str: 17    XL:     4   Next: 38%
Magic:  3/7        EV: 12    Int: 15    God:
Gold:   79         SH:  0    Dex: 11    Spells: 2 memorised, 4 levels left

rFire  . . .     SeeInvis .       - Unarmed
rCold  . . .     Gourm    .     (armour unavailable)
rNeg   . . .     Faith    .     (no shield)
rPois  .         Spirit   +     (helmet restricted)
rElec  .         Dismiss  .     d - +1 cloak
rCorr  .         Reflect  .     n - +0 pair of gloves
SustAt +         Harm     .     (no boots)
MR     .....     Rnd*Rage +     l - amulet of guardian spirit
Stlth  +.........               (no ring)
                                e - ring of sustain attributes

@: mighty, lethally poisoned (0 -> -2), not resistant to hostile enchantments,
very unstealthy
A: unfitting armour, berserk 1, shaggy fur 1, no device heal 1, cold-blooded, AC
+5
a: no special abilities


You were on level 2 of the Dungeon.
You were not hungry.

You visited 1 branch of the dungeon, and saw 2 of its levels.

You collected 79 gold pieces.

Inventory:

Missiles
 a - 33 arrows
 i - 34 stones (quivered)
 k - 12 sling bullets
Armour
 d - a +1 cloak (worn)
 n - a +0 pair of gloves (worn)
 p - a +2 cloak
Jewellery
 e - a ring of sustain attributes (left hand)
 l - an amulet of guardian spirit (around neck)
Scrolls
 h - a scroll of random uselessness
Books
 b - a book of Changes

   Spells                             Type                      Level
   a - Beastly Appendage              Transmutation                1
   b - Sticks to Snakes               Transmutation                2
   c - Spider Form                    Transmutation/Poison         3
   d - Ice Form                       Ice/Transmutation            4
   e - Blade Hands                    Transmutation                5
Comestibles
 c - 2 bread rations
 j - a meat ration
 q - a slice of pizza


   Skills:
 - Level 1.9 Fighting
 - Level 2.0 Dodging
 - Level 3.2 Unarmed Combat
 - Level 2.6 Spellcasting
 + Level 3.6 Transmutations


You had 4 spell levels left.
You knew the following spells:

 Your Spells              Type           Power        Failure   Level  Hunger
a - Beastly Appendage     Trmt           ##....       6%          1    #......
b - Spider Form           Trmt/Pois      #.........   34%         3    ###....


Dungeon Overview and Level Annotations

Branches:
Dungeon (2/15)

Altars:


Innate Abilities, Weirdness & Mutations

Your plain brown scales are hard (AC +5).
Your body does not fit into most forms of armour.
You are cold-blooded and may be slowed by cold attacks.
You tend to lose your temper in combat.
You are covered in fur (AC +1).
Potions and wands are less effective at restoring your health.


Message History

Your surroundings suddenly seem different.
* * * LOW HITPOINT WARNING * * *
You feel sick.
* * * LOW HITPOINT WARNING * * *
You feel sick.
Your transformation has ended.
Your +1 cloak unmelds from your body.
Your +0 pair of gloves unmelds from your body.
* * * LOW HITPOINT WARNING * * *
You feel sick.
* * * LOW HITPOINT WARNING * * *
You feel sick.
Your magical contamination has completely faded away.
* * * LOW HITPOINT WARNING * * *
You feel sick.
You feel a genetic drift.
You feel a little pissed off.
You feel genetically stable.
* * * LOW HITPOINT WARNING * * *
You feel sick.
You die...

##.....##.#.##...#.......
#......+...>..... .......
#......##...##...##..#...
#......+.................
#####......##...##...#.#.#...
#......................#.#...
#.##.#'#####...##...........
#.##.....###...#####.##.#...
#........#.@...#####.##.#.#.
####.....###.........##.#.#.
#.....# #............#.#.
#.....#####..........#.#.
#...........##+#.........
#.#########.##.#.....#... #.#
#######.#........###.
#.###.......#............
#...........#....##..###.


There were no monsters in sight!

Vanquished Creatures
  Crazy Yiuf (D:2)
  2 adders (D:2)
  2 giant geckos (D:2)
  2 ball pythons
  3 bats
  3 giant cockroaches
  4 goblins
  8 hobgoblins
  10 kobolds
  3 quokkas (D:2)
  A giant newt (D:2)
  3 rats
42 creatures vanquished.

Notes
Turn   | Place    | Note
--------------------------------------------------------------
     0 | D:1      | KarvaRausku the Draconian Transmuter began the quest for the Orb.
     0 | D:1      | Reached XP level 1. HP: 16/16 MP: 3/3
   246 | D:1      | Reached XP level 2. HP: 15/23 MP: 5/5
  1003 | D:2      | Reached XP level 3. HP: 21/28 MP: 3/6
  1134 | D:2      | Learned a level 3 spell: Spider Form
  1482 | D:2      | Noticed Crazy Yiuf
  1489 | D:2      | Killed Crazy Yiuf
  1489 | D:2      | Reached XP level 4. HP: 13/36 MP: 0/7
  1496 | D:2      | Gained mutation: Potions and wands are less effective at restoring your health. [potion of mutation]
  1496 | D:2      | Gained mutation: You are covered in fur (AC +1). [potion of mutation]
  1496 | D:2      | Gained mutation: You evolve. [potion of mutation]
  1507 | D:2      | HP: 1/36 [poisoned by Crazy Yiuf]
  1509 | D:2      | Gained mutation: You tend to lose your temper in combat. [evolution]
  1509 | D:2      | Lost mutation: You evolve. [end of evolution]
  1514 | D:2      | Succumbed to Crazy Yiuf's poison

Vault maps used:
D:1:      minmay_arrival_wavy_path
D:2:      first_bread, lemuel_flame_loot_1, uniq_crazy_yiuf_cottage

Action                   |  1- 3 |  4- 6 || total
-------------------------+-------+-------++-------
Melee: Unarmed           |   155 |       ||   155
Throw: Stone             |    23 |       ||    23
 Cast: Beastly Appendage |    18 |       ||    18
       Spider Form       |     2 |       ||     2
  Use: Scroll            |       |     3 ||     3
       Potion            |       |     2 ||     2
  Eat: Chunk             |     3 |       ||     3
